 Dungeon Crawl Stone Soup version 0.28.0-43-g3370ac3207 (webtiles) character file.

Game seed: 5585850663468740748

379 smarlow the Skirmisher (level 6, -2/62 HPs)
             Began as a Troll Fighter on Mar 8, 2022.
             Was an Initiate of Wu Jian.
             Succumbed to a scorpion's poison
             ... on level 4 of the Dungeon.
             The game lasted 00:09:29 (3288 turns).

smarlow the Skirmisher (Troll Fighter)              Turns: 3288, Time: 00:09:30

Health: -2/62      AC:  4    Str: 27    XL:     6   Next: 45%
Magic:  5/5        EV:  9    Int:  4    God:    Wu Jian [......]
Gold:   60         SH:  7    Dex:  9    Spells: 5/5 levels left

rFire   . . .      SeeInvis .   a - +0 war axe
rCold   . . .      Faith    .   c - +0 kite shield
rNeg    . . .      Spirit   .   b - +0 robe
rPois   .          Reflect  .   (helmet restricted)
rElec   .          Harm     .   (no cloak)
rCorr   .          Rampage  .   (gloves unavailable)
Will    .....                   (boots unavailable)
Stlth   +.........              (no amulet)
HPRegen 1.00/turn               (no ring)
MPRegen 0.09/turn               (no ring)

@: brilliant, lethally poisoned (-2 -> -9)
A: large, unfitting armour, claws 3, regeneration 1, shaggy fur 1, tough skin 1
a: Renounce Religion


You were on level 4 of the Dungeon.
You worshipped Wu Jian.
Wu Jian was noncommittal.
You visited 2 branches of the dungeon, and saw 5 of its levels.

You collected 120 gold pieces.
You spent 60 gold pieces at shops.

Inventory:

Hand Weapons
 a - a +0 war axe (weapon)
Missiles
 r - 6 javelins (quivered)
Armour
 b - a +0 robe (worn)
 c - a +0 kite shield (worn)
Wands
 g - a wand of acid (6)
 p - a wand of paralysis (12)
 q - a wand of polymorph (7)
Scrolls
 e - 3 scrolls of identify
 j - a scroll of vulnerability {unknown}
 l - a scroll of magic mapping {unknown}
 n - a scroll of teleportation
 o - a scroll of amnesia {unknown}
Potions
 d - a potion of might
 i - a potion of cancellation {unknown}
 k - a potion of invisibility {unknown}
 m - a potion of lignification {unknown}


   Skills:
 + Level 3.6 Fighting
 + Level 3.1 Axes
 + Level 3.6 Dodging
 + Level 3.6 Shields


You had 5 spell levels left.
You didn't know any spells.
Your spell library was empty.

Dungeon Overview and Level Annotations

Branches:
Dungeon (4/15)             Temple (1/1) D:4

Altars:
Ashenzari
Cheibriados
Dithmenos
Elyvilon
Gozag
Hepliaklqana
Kikubaaqudgha
Makhleb
Nemelex Xobeh
Okawaru
Qazlal
Ru
Sif Muna
Trog
Uskayaw
Vehumet
Wu Jian
Yredelemnul
Zin
The Shining One

Shops:
D:2 ?=::


Innate Abilities, Weirdness & Mutations

You are too large for most types of armour.
You have claws for hands.
Your natural rate of healing is unusually fast.
You are covered in fur. (AC +1)
You have tough skin. (AC +1)


Message History

The scorpion is heavily wounded.
You feel very sick. You block the scorpion's attack.
The scorpion barely misses you.
You barely miss the scorpion.
The scorpion is heavily wounded.
You feel very sick. The scorpion stings you. The scorpion barely misses you.
You hit the scorpion.
The scorpion is severely wounded.
You feel sick. The scorpion stings you.
* * * LOW HITPOINT WARNING * * *
You closely miss the scorpion.
The scorpion is severely wounded.
You feel sick. The scorpion stings you.
* * * LOW HITPOINT WARNING * * *
The scorpion stings you.
* * * LOW HITPOINT WARNING * * *
You are more poisoned.
The scorpion poisons you!
The endoplasm jiggles.
You feel better. The scorpion stings you.
* * * LOW HITPOINT WARNING * * *
You block the scorpion's attack.
You barely miss the scorpion.
The scorpion is severely wounded.
You block the scorpion's attack.
You closely miss the scorpion.
The scorpion is severely wounded.
You block the scorpion's attack. The scorpion stings you.
* * * LOW HITPOINT WARNING * * *
You hit the scorpion but do no damage.
The scorpion is severely wounded.
The scorpion stings you.
* * * LOW HITPOINT WARNING * * *
You are lethally poisoned!
The scorpion poisons you! The scorpion stings you.
* * * LOW HITPOINT WARNING * * *
It was a potion of brilliance.
You feel clever all of a sudden.
You die...

#. ..(. .. ....
.....# .....#
####.....#
#.........
#.........
#.........
####.........
#.@sJ........ #
##.##.........
##
+...#.........
.##
###..#.........
#.##
#..###.........
.#.##
###..#######.##.
..#.## #..###
... #..#.##
###..# .#
.#..#.## #..###


You could see a scorpion and an endoplasm.

Vanquished Creatures
  A scorpion (D:4)
  An orc priest (D:3)
  Jessica (D:3)
  2 orc wizards (D:3)
  Natasha (thrice) (D:3)
  3 gnolls (D:3)
  4 adders
  2 dart slugs
  11 orcs
  4 ball pythons
  7 bats
  3 endoplasms
  6 giant cockroaches
  5 goblins
  5 hobgoblins
  A jackal (D:4)
  A quokka (D:4)
  2 frilled lizards
  3 kobolds
  3 rats
68 creatures vanquished.

Notes
Turn   | Place    | Note
-------+----------+-------------------------------------------
     0 | D:1      | smarlow the Troll Fighter began the quest for the Orb.
     0 | D:1      | Reached XP level 1. HP: 22/22 MP: 0/0
   319 | D:1      | Reached XP level 2. HP: 29/29 MP: 1/1
   517 | D:1      | Found a faded altar of an unknown god.
  1047 | D:2      | Reached XP level 3. HP: 36/36 MP: 2/2
  1110 | D:2      | Found Eguzud's Book Emporium.
  1320 | D:2      | Found Sixzigud's Book Boutique.
  1350 | D:2      | Found Tykhlily's Jewellery Shop.
  1414 | D:2      | Found Dailiroh's Magic Scroll Shoppe.
  1417 | D:2      | Bought a scroll of teleportation for 36 gold pieces
  1417 | D:2      | Bought a scroll of identify for 24 gold pieces
  1582 | D:3      | Noticed Jessica
  1587 | D:3      | Killed Jessica
  1588 | D:3      | Reached XP level 4. HP: 44/44 MP: 3/3
  1662 | D:3      | Noticed Natasha
  1677 | D:3      | Killed Natasha
  1801 | D:3      | Reached XP level 5. HP: 37/53 MP: 4/4
  2541 | D:3      | Noticed Natasha
  2576 | D:3      | Killed Natasha
  2577 | D:3      | Reached XP level 6. HP: 43/61 MP: 5/5
  2621 | D:3      | Noticed Natasha
  2633 | D:3      | Killed Natasha
  2669 | D:4      | Found a staircase to the Ecumenical Temple.
  2689 | Temple   | Entered the Ecumenical Temple
  3046 | Temple   | Became a worshipper of the Wu Jian Council
  3287 | D:4      | HP: 2/62 [scorpion (6)]
  3288 | D:4      | Succumbed to a scorpion's poison

Illustrated notes

Levels and vault maps discovered:
D:1:      dpeg_arrival_chambers_temple_mockup, layout_basic,
          basic_ecumenical_altar, nrook_mini_vaults
D:2:      layout_basic, serial_shops, nicolae_shop_waterfront,
          nicolae_shop_advertising_works [nicolae_subvault_shop_adworks],
          nicolae_shop_behind_doors, nicolae_diamond_shop, minmay_crystal_water,
          minivault_25
D:3:      layout_basic, uniq_natasha, uniq_jessica
D:4:      minmay_razor_zed, layout_basic, temple_statues
Temple:   mainiacjoe_temple_cubbyholes

Skill      XL: |  1  2  3  4  5  6 |
---------------+-------------------+-----
Axes           | 2 3 |  3.1
Fighting       | 3 |  3.6
Dodging        | 3 |  3.6
Shields        | 3 |  3.6

Action                   |  1- 3 |  4- 6 || total
-------------------------+-------+-------++-------
Melee: War axe           |    98 |   129 ||   227
       Unarmed           |       |    25 ||    25
  Use: Scroll            |     1 |       ||     1
       Potion            |       |     4 ||     4
 Stab: Sleeping          |       |     1 ||     1
Armor: Robe              |    46 |    33 ||    79
Dodge: Dodged            |    44 |    78 ||   122
Block: Kite shield       |    29 |    51 ||    80
